 Dungeon Crawl Stone Soup version 0.19.0-19-g8c6edcc (webtiles) character file.

64799 nikopol the Thaumaturge (level 15, -3/95 HPs)
             Began as a Gargoyle Earth Elementalist on Nov 12, 2016.
             Was a High Priest of Vehumet.
             Slain by Chiseanne's ghost (21 damage)
             ... on level 2 of the Orcish Mines.
             The game lasted 03:22:49 (29925 turns).

nikopol the Thaumaturge (GrEE)                     Turns: 29925, Time: 03:22:49

Health: -3/95      AC: 26    Str: 13    XL:     15   Next: 14%
Magic:  4/41       EV: 12    Int: 21    God:    Vehumet [*****.]
Gold:   2042       SH:  8    Dex: 10    Spells: 4 memorised, 27 levels left

rFire  + . .     SeeInvis +     Q - +8 whip "Snakebite" {curare, rPois}
rCold  . . .     Gourm    .     S - +0 robe {rN+}
rNeg   + + .     Faith    .     e - +3 buckler {rF+}
rPois  ∞         Spirit   .     k - +1 helmet
rElec  +         Reflect  .     c - +1 cloak
rCorr  .         Harm     .     f - +2 pair of gloves {archery}
MR     +....                    B - +0 pair of boots
Stlth  ++........               r - amulet of magic regeneration
                                H - ring of the Hippo {AC+5 SInv}
                                E - ring of magical power

@: no status effects
A: big wings, negative energy resistance 1, electricity resistance, unbreathing,
petrification resistance, rot immunity, AC +11
a: Fly, Renounce Religion


You were on level 2 of the Orcish Mines.
You worshipped Vehumet.
Vehumet was extremely pleased with you.
You were near starving.

You visited 4 branches of the dungeon, and saw 21 of its levels.
You also visited: Ossuary.

You collected 2162 gold pieces.
You spent 120 gold pieces at shops.

Inventory:

Hand Weapons
 D - a +7 flail of holy wrath
 Q - the +8 whip "Snakebite" (weapon) {curare, rPois}
   (You found it on level 5 of the Lair of Beasts)

   It poisons the flesh of those it strikes.
   It protects you from poison.
Missiles
 b - 404 stones (quivered)
Armour
 c - a +1 cloak (worn)
 e - a +3 buckler of fire resistance (worn)
 f - a +2 pair of gloves of archery (worn)
 k - a +1 helmet (worn)
 B - a +0 pair of boots (worn)
 I - a +2 robe of magic resistance
 S - a +0 robe of positive energy (worn)
 T - a +2 robe of positive energy
Jewellery
 o - a +4 ring of intelligence
 r - an amulet of magic regeneration (around neck)
 E - a ring of magical power (left hand)
 H - the ring of the Hippo (right hand) {AC+5 SInv}
   (You bought it in a shop on level 11 of the Dungeon)

   [ring of protection]

   It affects your AC (+5).
   It lets you see invisible.
 P - an uncursed ring of protection from magic
Wands
 m - a wand of acid (6/15)
 t - a wand of lightning (3/15)
 x - a wand of iceblast (11/15)
 y - a wand of flame (30/48)
 N - a wand of flame (22/48)
 O - a wand of iceblast (4/15)
 Y - a wand of lightning (1/15)
Scrolls
 g - 4 scrolls of teleportation
 p - 7 scrolls of amnesia
 q - 4 scrolls of remove curse
 v - a scroll of fear
 J - 3 scrolls of acquirement
 K - 3 scrolls of recharging
 L - a scroll of identify
 R - 4 scrolls of fog
 X - 2 scrolls of blinking
Potions
 a - a potion of ambrosia
 l - 2 potions of invisibility
 n - 4 potions of haste
 s - a potion of resistance
 u - 4 potions of heal wounds
 w - 3 potions of brilliance
 z - a potion of cancellation
 A - 10 potions of flight
 C - 3 potions of berserk rage
 F - 3 potions of might
 G - 8 potions of curing
 M - 2 potions of cure mutation
 U - 3 potions of agility
 V - a potion of magic
Miscellaneous
 Z - a disc of storms
Comestibles
 d - 20 bread rations
 h - 17 beef jerkies
 i - 9 chunks of flesh
 j - 13 meat rations


   Skills:
 + Level 11.2 Fighting
 + Level 10.0 Maces & Flails
 - Level 1.5 Dodging
 - Level 2.1 Stealth
 * Level 5.3 Shields
 * Level 13.6 Spellcasting
   Level 0.7 Transmutations
 + Level 5.2 Fire Magic
 + Level 13.0 Earth Magic
 + Level 9.6 Evocations


You had 27 spell levels left.
You knew the following spells:

 Your Spells              Type           Power        Failure   Level  Hunger
a - Sandblast             Erth           ######       1%          1    None
b - Stone Arrow           Conj/Erth      #####.       1%          3    None
c - Lee's Rapid Deconstr  Erth           ######....   1%          5    ###....
d - Bolt of Magma         Conj/Fire/Erth #####.....   4%          5    ###....


Dungeon Overview and Level Annotations

Branches:
Dungeon (12/15)            Temple (1/1) D:6            Lair (6/6) D:9
  Swamp (0/4) Lair:2       Spider (0/4) Lair:3        Slime (0/5) Lair:5
    Orc (2/2) D:12            Elf (0/3) Orc:2

Altars:
Ashenzari
Cheibriados
Dithmenos
Elyvilon
Fedhas
Gozag
Hepliaklqana
Kikubaaqudgha
Makhleb
Nemelex Xobeh
Okawaru
Qazlal
Ru
Sif Muna
Trog
Uskayaw
Vehumet
Xom
Yredelemnul
Zin
The Shining One

Shops:
D:5 %   D:7 [   D:8 [   D:10 *   D:11 *

Annotations:
Orc:2 Chiseanne's ghost, journeyman DsHu


Innate Abilities, Weirdness & Mutations

You are resistant to torment.
Your stone body is resilient. (AC +11)
You are immune to poison.
Your large and strong wings let you fly indefinitely.
You resist negative energy. (rN+)
You are resistant to electric shocks. (rElec)
You can survive without breathing.
You are immune to petrification.
You are immune to rotting.


Message History

Chiseanne's ghost freezes you.
* * * LOW HITPOINT WARNING * * *
You continue putting on your +3 buckler of fire resistance.
Chiseanne's ghost hits you but does no damage.
You continue putting on your +3 buckler of fire resistance.
Chiseanne's ghost hits you but does no damage.
You continue putting on your +3 buckler of fire resistance.
Chiseanne's ghost hits you but does no damage.
You finish putting on your +3 buckler of fire resistance.
You feel resistant to fire.
Casting: Stone Arrow
Confirm with . or Enter, or press ? or * to list all spells.
Aiming: Bolt of Magma
Press: ? - help, Shift-Dir - straight line, f/p - Chiseanne's ghost
Aim: Chiseanne's ghost, wielding a weapon of freezing (heavily damaged)
The bolt of magma hits Chiseanne's ghost.
Chiseanne's ghost partially resists.
Chiseanne's ghost is heavily damaged.
Chiseanne's ghost hits you!!
You die...

##........## ##....# ####
##......### ###....## ##...
##........####.......### #....
#.........#.####.......###....
###..........##.....#...........
##....>.##....##....##..........#
#......#.###...#....####.......##
.#.....####....W...## #........##
##.......###....@..####..........
#..)...........)....##..........
##...................)..........
##....)....#####...).....##....
###..))....# #.........###....
##......## ##......### ##...
#...#.## ##.#..## ##.. ##..###
####.# ### ##.# ###


You could see Chiseanne's ghost.

Vanquished Creatures
  2 ettins (Orc:2)
  Snorg (Lair:6)
  4 hydras
  Harold (D:11)
  A catoblepas (Lair:2)
  A centaur warrior (D:12)
  5 death yaks (Lair:6)
  Sonja (D:11)
  Nergalle (Lair:2)
  A fire crab (shapeshifter) (D:9)
  An unseen horror (D:12)
  A deep elf mage (D:12)
  3 hill giants
  3 orc knights
  An orc sorcerer (Orc:2)
  An ugly thing (D:12)
  The ghost of Vidiiot the Covert, a novice HuSk of Cheibriados (D:6)
  4 elephants (Lair:6)
  8 black mambas
  2 centaur zombies (D:12)
  Psyche (D:9)
  2 torpor snails
  12 spiny frogs
  12 komodo dragons
  A centaur skeleton (D:11)
  3 rime drakes
  3 hornets (Lair:6)
  4 trolls
  3 polar bears (Lair:6)
  3 two-headed ogres
  16 blink frogs
  3 slime creatures (Lair:5)
  9 hippogriffs
  37 yaks
  2 vampires (D:11)
  15 spriggans (Lair:6)
  2 wyverns
  6 basilisks
  A hungry ghost (D:8)
  4 wargs (Orc:2)
  A mottled dragon (D:10)
  6 swamp worms (Lair:2)
  18 water moccasins
  5 porcupines
  A swamp drake (Lair:4)
  2 ice beasts
  15 orc warriors
  4 black bears
  An eye of draining (D:8)
  2 necrophages
  8 ogres
  4 phantoms
  3 boggarts (Lair:6)
  48 wolves
  5 centaurs
  27 crocodiles
  2 big kobolds
  Blork the orc (D:6)
  13 bullfrogs
  A gnoll sergeant (D:5)
  4 scorpions
  2 wyvern skeletons
  15 killer bees
  5 electric eels
  9 wights
  A howler monkey (D:9)
  6 crimson imps
  2 bullfrog zombies
  6 jellies
  3 hounds
  A quasit (D:11)
  A gnoll shaman (D:9)
  11 orc priests
  18 orc wizards
  A bullfrog skeleton (D:4)
  Natasha (D:4)
  7 iguanas
  13 worker ants
  2 human simulacra (D:10)
  A hound skeleton (D:10)
  8 mummies (Ossuary)
  Robin (D:2)
  17 gnolls
  A worker ant zombie (D:11)
  15 adders
  A shadow imp (D:11)
  4 oozes
  An adder skeleton (D:9)
  4 worms
  A dart slug (D:1)
  9 leopard geckos
  58 orcs
  5 bats
  8 giant cockroaches
  A gnoll zombie (Ossuary)
  12 goblins
  8 hobgoblins
  14 jackals
  22 kobolds
  8 quokkas
  A ball python (D:1)
  19 frilled lizards
  A hobgoblin zombie (Ossuary)
  5 kobold zombies (Ossuary)
  A leopard gecko skeleton (D:8)
  An orc zombie (Ossuary)
  2 quokka skeletons
  15 rats
  A fungus (Lair:3)
702 creatures vanquished.

Vanquished Creatures (others)
  An adder (D:7)
  8 fungi
  2 plants (Lair:6)
11 creatures vanquished.

Grand Total: 713 creatures vanquished

Notes
Turn   | Place    | Note
-------+----------+-------------------------------------------
     0 | D:1      | nikopol the Gargoyle Earth Elementalist began the quest for the Orb.
     0 | D:1      | Reached XP level 1. HP: 10/10 MP: 3/3
   173 | D:1      | Reached XP level 2. HP: 4/15 MP: 0/5
   921 | D:1      | Reached XP level 3. HP: 19/19 MP: 0/7
   926 | D:1      | Learned a level 3 spell: Stone Arrow
  1555 | D:2      | Found a stormy altar of Qazlal.
  1817 | D:2      | Reached XP level 4. HP: 24/24 MP: 7/9
  2414 | D:2      | Noticed Robin
  2432 | D:2      | Killed Robin
  2635 | D:2      | Reached XP level 5. HP: 28/28 MP: 7/11
  3089 | D:3      | Learned a level 5 spell: Lee's Rapid Deconstruction
  3831 | D:3      | Reached skill level 1 in Fighting
  3881 | D:3      | Found a deep blue altar of Sif Muna.
  4031 | D:4      | Reached skill level 5 in Earth Magic
  4031 | D:4      | Reached XP level 6. HP: 24/34 MP: 1/13
  4259 | D:3      | Reached skill level 1 in Evocations
  4488 | D:4      | Reached skill level 5 in Spellcasting
  4534 | D:4      | Found a sacrificial altar of Ru.
  4534 | D:4      | Found a basalt altar of Yredelemnul.
  4848 | D:4      | Noticed a phantom
  4860 | D:4      | Killed a phantom
  4860 | D:4      | Reached XP level 7. HP: 31/40 MP: 3/14
  5081 | D:4      | Noticed Natasha
  5087 | D:4      | Killed Natasha
  5447 | D:5      | Entered Level 5 of the Dungeon
  5483 | D:5      | Found a sand-covered staircase.
  5511 | Ossuary  | Entered an ossuary
  5878 | Ossuary  | Reached XP level 8. HP: 46/46 MP: 0/16
  6103 | Ossuary  | Reached skill level 1 in Maces & Flails
  6725 | D:5      | Found Tuleluz's Food Boutique.
  6867 | D:5      | Found a hide-covered altar of Uskayaw.
  7089 | D:6      | Noticed Blork the orc
  7103 | D:6      | Found a glowing drain.
  7264 | D:6      | Found a hazy altar of Hepliaklqana.
  7460 | D:6      | Noticed Vidiiot's ghost (novice HuSk)
  7485 | D:6      | Killed Vidiiot's ghost
  7485 | D:6      | Reached XP level 9. HP: 52/52 MP: 2/19
  7647 | D:6      | Killed Blork the orc
  7944 | D:6      | Found a staircase to the Ecumenical Temple.
  8023 | Temple   | Entered the Ecumenical Temple
  8136 | Temple   | Became a worshipper of Vehumet
  8239 | D:6      | Found a hazy altar of Hepliaklqana.
  8629 | D:7      | Reached skill level 5 in Fighting
  8990 | D:7      | Found a white marble altar of Elyvilon.
  8996 | D:7      | Found a glowing golden altar of the Shining One.
  8999 | D:7      | Found an ancient bone altar of Kikubaaqudgha.
  9235 | D:7      | Found Estibbom's Antique Armour Emporium.
  9731 | D:8      | Found Kymu's Antique Armour Shop.
  9940 | D:8      | Reached * piety under Vehumet
  9940 | D:8      | Offered knowledge of Shock by Vehumet.
 10822 | D:8      | Reached skill level 5 in Evocations
 10822 | D:8      | Reached XP level 10. HP: 57/60 MP: 21/22
 11061 | D:9      | Noticed a fire crab
 11072 | D:9      | Killed a fire crab
 11784 | D:9      | Found a staircase to the Lair.
 12024 | D:9      | Offered knowledge of Sting by Vehumet.
 12045 | D:9      | Reached ** piety under Vehumet
 12262 | D:9      | Noticed Psyche
 12273 | D:9      | Killed Psyche
 12273 | D:9      | Reached skill level 5 in Maces & Flails
 12454 | D:9      | Reached XP level 11. HP: 53/67 MP: 15/24
 12972 | Lair:1   | Entered Level 1 of the Lair of Beasts
 13690 | Lair:1   | Reached skill level 10 in Spellcasting
 14836 | Lair:1   | Offered knowledge of Throw Frost by Vehumet.
 14950 | Lair:1   | You fall through a shaft!
 15015 | Lair:2   | Reached skill level 10 in Earth Magic
 15131 | Lair:2   | Reached XP level 12. HP: 56/74 MP: 7/26
 15139 | Lair:2   | Noticed Nergalle
 15168 | Lair:2   | Killed Nergalle
 15168 | Lair:2   | Reached *** piety under Vehumet
 16400 | Lair:2   | Noticed a catoblepas
 16434 | Lair:2   | Killed a catoblepas
 16773 | Lair:2   | Found a staircase to the Swamp.
 17087 | Lair:2   | Offered knowledge of Airstrike by Vehumet.
 17662 | Lair:3   | Found a hole to the Spider Nest.
 17663 | Lair:3   | Noticed a four-headed hydra
 17668 | Lair:3   | Killed a four-headed hydra
 17857 | Lair:3   | Noticed a seven-headed hydra
 17863 | Lair:3   | Killed a seven-headed hydra
 18598 | Lair:3   | Found a runed door.
 18600 | Lair:3   | Noticed a seven-headed hydra
 18604 | Lair:3   | Killed a seven-headed hydra
 18604 | Lair:3   | Reached XP level 13. HP: 55/80 MP: 25/28
 18844 | Lair:3   | Reached **** piety under Vehumet
 19255 | Lair:4   | Identified a scroll of acquirement
 19255 | Lair:4   | Identified Weal's Reference Book on Creative Curses (You acquired it on level 4 of the Lair of Beasts)
 19292 | Lair:4   | Offered knowledge of Bolt of Magma by Vehumet.
 19382 | Lair:4   | Learned a level 5 spell: Bolt of Magma
 19738 | Lair:4   | Reached skill level 1 in Fire Magic
 19741 | Lair:4   | Reached ***** piety under Vehumet
 19787 | Lair:4   | Offered knowledge of Bolt of Cold by Vehumet.
 20745 | Lair:5   | Reached skill level 10 in Fighting
 20936 | Lair:5   | Found a staircase to the Slime Pits.
 21807 | Lair:6   | Entered Level 6 of the Lair of Beasts
 22483 | Lair:6   | Gained mutation: Your large and strong wings let you fly indefinitely. [Gargoyle growth]
 22483 | Lair:6   | Reached XP level 14. HP: 77/88 MP: 30/30
 22693 | Lair:6   | Noticed Snorg
 22698 | Lair:6   | Killed Snorg
 22915 | Lair:6   | Offered knowledge of Freezing Cloud by Vehumet.
 23785 | Lair:6   | Reached skill level 1 in Shields
 24811 | D:10     | Entered Level 10 of the Dungeon
 24823 | D:10     | Found an ancient bone altar of Kikubaaqudgha.
 25088 | D:10     | Found Lehuarix's Assorted Antiques.
 25675 | D:11     | Found an iron altar of Okawaru.
 25685 | D:11     | Noticed Sonja
 25701 | D:11     | Killed Sonja
 26054 | D:11     | Offered knowledge of Iron Shot by Vehumet.
 26359 | D:11     | Found Kivoqov's Assorted Antiques.
 26370 | D:11     | Bought a clouded jade ring for 120 gold pieces
 26388 | D:11     | Identified the ring of the Hippo {AC+5 SInv} (You bought it in a shop on level 11 of the Dungeon)
 26431 | D:11     | Noticed Harold
 26442 | D:11     | Killed Harold
 27106 | D:12     | Found a staircase to the Orcish Mines.
 27985 | Orc:1    | Entered Level 1 of the Orcish Mines
 28596 | Orc:2    | Entered Level 2 of the Orcish Mines
 28607 | Orc:2    | Offered knowledge of Poison Arrow by Vehumet.
 28931 | Orc:2    | Reached skill level 5 in Fire Magic
 28952 | Orc:2    | Reached XP level 15. HP: 94/94 MP: 15/32
 29155 | Orc:2    | Reached skill level 5 in Shields
 29464 | Orc:2    | Found a staircase to the Elven Halls.
 29653 | Orc:2    | Reached skill level 10 in Maces & Flails
 29884 | Orc:2    | Noticed Chiseanne's ghost (journeyman DsHu)
 29925 | Orc:2    | Slain by Chiseanne's ghost

Skill      XL: |  1  2  3  4  5  6  7  8  9 10 11 12 13 14 15 |
---------------+----------------------------------------------+-----
Earth Magic    | 4 5 6 7 9 10 11 12 13 | 13.0
Spellcasting   | 3 4 5 7 8 9 10 11 12 13 | 13.6
Fighting       | 1 2 3 4 5 7 8 9 10 11 | 11.2
Evocations     | 1 2 3 5 6 7 8 9 |  9.6
Maces & Flails | 2 3 5 6 8 9 10 | 10.0
Fire Magic     | 3 5 |  5.2
Shields        | 4 5 |  5.3
Dodging        | |  1.5
Stealth        | |  2.1
Transmutations | |  0.7

Action                   |  1- 3 |  4- 6 |  7- 9 | 10-12 | 13-15 || total
-------------------------+-------+-------+-------+-------+-------++-------
Melee: Unarmed           |     2 |       |       |       |       ||     2
       Short sword       |    34 |    40 |       |       |       ||    74
       Flail             |       |     3 |   127 |    84 |    31 ||   245
       Whip              |       |       |       |       |   129 ||   129
 Cast: Sandblast         |    71 |   156 |    56 |    45 |    10 ||   338
       Stone Arrow       |       |     8 |   153 |   317 |   414 ||   892
       Lee's Rapid Decon |       |       |     5 |    41 |   110 ||   156
       Bolt of Magma     |       |       |       |       |   166 ||   166
Evoke: Wand              |       |       |       |    19 |     4 ||    23
  Use: Scroll            |       |     1 |    23 |     4 |    22 ||    50
 Stab: Sleeping          |       |       |       |       |     1 ||     1
  Eat: Chunk             |     3 |    10 |    22 |    26 |    57 ||   118
       Pizza             |       |       |     1 |     1 |       ||     2
       Fruit             |       |       |       |     2 |       ||     2
       Royal jelly       |       |       |       |     1 |     2 ||     3
       Beef jerky        |       |       |       |     1 |     2 ||     3
Armor: Robe              |    41 |    41 |    86 |   135 |   202 ||   505
Dodge: Dodged            |    63 |    97 |   145 |   178 |   210 ||   693
